 Dungeon Crawl Stone Soup version 0.19.5 (webtiles) character file.

208 Jannitor the Slasher (level 5, -2/37 HPs)
             Began as a High Elf Chaos Knight on Mar 14, 2019.
             Shot with an arrow by a centaur (15 damage)
             ... on level 4 of the Dungeon.
             The game lasted 00:05:44 (2837 turns).

Jannitor the Slasher (High Elf Chaos Knight)        Turns: 2837, Time: 00:05:45

Health: -2/37      AC:  8    Str: 12    XL:     5   Next: 55%
Magic:  6/6        EV: 11    Int: 15    God:    Xom [....*.]
Gold:   212        SH:  0    Dex: 15    Spells: 0 memorised, 4 levels left

rFire  . . .     SeeInvis .     a - +0 falchion (chaos)
rCold  + . .     Gourm    .     o - +2 ring mail {rC+}
rNeg   . . .     Faith    .     (no shield)
rPois  .         Spirit   .     (no helmet)
rElec  .         Reflect  .     g - +0 cloak
rCorr  .         Harm     .     (no gloves)
MR     .....                    (no boots)
Stlth  +.........               d - amulet of magic regeneration
                                (no ring)
                                (no ring)

@: heavily drained
A: no striking features
a: Renounce Religion


You were on level 4 of the Dungeon.
You worshipped Xom.
You were a beloved toy of Xom.
You were hungry.

You visited 1 branch of the dungeon, and saw 4 of its levels.

You collected 212 gold pieces.

Inventory:

Hand Weapons
 a - a +0 falchion of chaos (weapon)
Missiles
 x - 2 silver javelins (quivered)
Armour
 g - a +0 cloak (worn)
 o - a +2 ring mail of cold resistance (worn)
Jewellery
 d - an amulet of magic regeneration (around neck)
 B - an uncursed amulet of harm
Wands
 u - a wand of polymorph (17/24)
Scrolls
 h - 2 scrolls of fog
 t - 2 scrolls of identify
 v - a scroll of fear {unknown}
 w - 2 scrolls of enchant weapon {unknown}
 y - a scroll of teleportation {unknown}
 A - a scroll of enchant armour {unknown}
Potions
 i - 2 potions of curing {unknown}
 j - 2 potions of flight {unknown}
 k - a potion of lignification {unknown}
 l - a potion of degeneration {unknown}
 m - 2 potions of ambrosia
 n - 2 potions of berserk rage {unknown}
 z - a potion of agility {unknown}
Comestibles
 c - 3 bread rations
 f - a slice of pizza
 p - 8 fruits
 q - 2 chunks of flesh
 r - a meat ration


   Skills:
 + Level 4.0(2.4) Fighting
 + Level 4.6(2.9) Long Blades
 + Level 2.7(1.1) Armour
 + Level 3.8(2.2) Dodging


You had 4 spell levels left.
You didn't know any spells.

Dungeon Overview and Level Annotations

Branches:
Dungeon (4/15)
 Temple: D:4-7

Altars:
Fedhas
Gozag
Kikubaaqudgha

Shops:
D:4 ?

Annotations:
D:1 Natasha
D:3 feta's ghost, weakling OgHu
D:4 Erymatos's ghost, amateur MiBe


Message History

The bat is heavily wounded.
You hit the bat. You freeze the bat.
You kill the bat!
No target in view!
Evoke which item? (* to show all) (? for menu, Esc to quit)
Okay, then.
Unknown command.
A centaur comes into view.
The centaur wields a runed shortbow.
The centaur shoots an arrow.
The arrow closely misses you.
The centaur shoots an arrow.
The arrow hits you!
You see here an arrow.
The centaur shoots an arrow.
The arrow hits you.
You see here an arrow.
The centaur shoots an arrow.
The arrow hits you!
You see here an arrow.
You are feeling hungry.
The centaur shoots an arrow.
The arrow hits you but does no damage.
The centaur shoots an arrow.
The arrow hits you!
You die...
Xom guffaws!

.... #......## ..#
#####...#
..#############+##...####
.......#......#∩#.....#
.(.....'......###.....#
.......#............(.#
..####'##...###....(.##
..# ..##...####.((..##
................@.....#
.............c........#
......................#
.####...##...........##
.# #... #......[...##
..... +..#######.# ....
#... .# #. .#


You could see a centaur.

Vanquished Creatures
  A howler monkey (D:4)
  Jessica (D:3)
  Terence (D:1)
  3 adders
  An ooze (D:4)
  2 worms
  An adder skeleton (D:4)
  5 dart slugs
  2 leopard geckos (D:1)
  An orc (D:2)
  2 ball pythons
  8 bats
  4 giant cockroaches
  10 goblins
  2 hobgoblins (D:2)
  10 jackals
  5 kobolds
  2 quokkas
  3 frilled lizards (D:2)
  A quokka skeleton (D:4)
  3 rats
68 creatures vanquished.

Notes
Turn   | Place    | Note
-------+----------+-------------------------------------------
     0 | D:1      | Jannitor the High Elf Chaos Knight began the quest for the Orb.
     0 | D:1      | Reached XP level 1. HP: 16/16 MP: 2/2
    69 | D:1      | Reached skill level 1 in Armour
   221 | D:1      | XOM: silly message
   265 | D:1      | XOM: harmless Air miscast
   282 | D:1      | XOM: harmless Conj miscast
   345 | D:1      | Reached XP level 2. HP: 20/21 MP: 3/3
   591 | D:1      | XOM: silly message
   748 | D:2      | XOM: divination: magic mapping
   758 | D:2      | Noticed Terence
   870 | D:1      | Killed Terence
   870 | D:1      | Reached XP level 3. HP: 21/26 MP: 4/4
  1074 | D:2      | Noticed Natasha
  1097 | D:1      | XOM: divination: detect creatures
  1187 | D:1      | XOM: butterfly on damage
  1193 | D:1      | XOM: smoke on damage
  1398 | D:2      | XOM: divination: detect items
  1515 | D:2      | Found a faded altar of an unknown god.
  1523 | D:2      | Reached XP level 4. HP: 19/32 MP: 5/5
  1523 | D:2      | XOM: harmless Chrm miscast
  1526 | D:2      | XOM: smoke on damage
  1712 | D:2      | XOM: divination: detect creatures
  1770 | D:2      | XOM: harmless Erth miscast
  2103 | D:3      | Noticed Jessica
  2113 | D:3      | Killed Jessica
  2123 | D:3      | Found an opulent altar of Gozag.
  2176 | D:3      | Found an ancient bone altar of Kikubaaqudgha.
  2178 | D:3      | Found a blossoming altar of Fedhas.
  2178 | D:3      | Noticed feta's ghost (weakling OgHu)
  2188 | D:3      | XOM: silly message
  2315 | D:3      | XOM: harmless Tloc miscast
  2502 | D:3      | Reached XP level 5. HP: 36/37 MP: 6/6
  2598 | D:3      | XOM: god gift: 19 gold pieces
  2698 | D:4      | XOM: destruction
  2789 | D:4      | Noticed Erymatos's ghost (amateur MiBe)
  2804 | D:4      | Found Zebaodoc's Magic Scroll Emporium.
  2834 | D:4      | Noticed a centaur
  2837 | D:4      | Shot with an arrow by a centaur

Skill      XL: |  1  2  3  4  5 |
---------------+----------------+-----
Armour         | 1 2 |  2.7
Long Blades    | 4 |  4.6
Dodging        | 3 |  3.8
Fighting       | 4 |  4.0

Action                   |  1- 3 |  4- 6 || total
-------------------------+-------+-------++-------
Melee: Falchion          |   119 |   106 ||   225
  Use: Scroll            |     3 |     1 ||     4
 Stab: Paralysed         |     7 |       ||     7
       Confused          |     1 |       ||     1
       Petrifying        |       |     1 ||     1
  Eat: Chunk             |     2 |     4 ||     6
Armor: Leather armour    |    17 |       ||    17
       Ring mail         |    20 |    61 ||    81
Dodge: Dodged            |    84 |    60 ||   144
       Rpst.: Falchion   |    23 |    28 ||    51
